 Dungeon Crawl Stone Soup version 0.23.1 (webtiles) character file.

Game seed: 2073091315329013984

37 Fang the Skirmisher (level 3, -1/24 HPs)
             Began as a Gargoyle Berserker on Mar 13, 2019.
             Was a Follower of Trog.
             Slain by a hobgoblin
             ... wielding a +2 mace of crushing
              (3 damage)
             ... on level 3 of the Dungeon.
             The game lasted 00:01:43 (383 turns).

Fang the Skirmisher (Gargoyle Berserker)             Turns: 383, Time: 00:01:43

Health: -1/24      AC:  5    Str: 21    XL:     3   Next: 41%
Magic:  3/3        EV: 12    Int:  7    God:    Trog [*.....]
Gold:   26         SH:  0    Dex:  9    Spells: 2/2 levels left

rFire    . . .     SeeInvis +   a - +0 hand axe
rCold    . . .     Gourm    .   (no shield)
rNeg     + . .     Faith    .   b - +0 animal skin
rPois    ∞         Spirit   .   (no helmet)
rElec    +         Reflect  .   (no cloak)
rCorr    .         Harm     .   (no gloves)
MR       .....                  (no boots)
Stlth    +.........             (no amulet)
HPRegen  0.08/turn              e - ring of see invisible
MPRegen  0.08/turn              (no ring)

@: berserk cooldown, slowed, very slow
A: negative energy resistance 1, electricity resistance, unbreathing,
petrification resistance, rot immunity, AC +3
a: Berserk, Renounce Religion


You were on level 3 of the Dungeon.
You worshipped Trog.
Trog was aware of your devotion.
You were not hungry.

You visited 1 branch of the dungeon, and saw 3 of its levels.

You collected 26 gold pieces.

Inventory:

Hand Weapons
 a - a +0 hand axe (weapon)
Armour
 b - a +0 animal skin (worn)
Jewellery
 e - a ring of see invisible (left hand)
Scrolls
 d - a scroll of immolation {unknown}
 f - a scroll of identify {unknown}
 k - a scroll of teleportation {unknown}
 l - a scroll of random uselessness {unknown}
Potions
 h - a potion of resistance {unknown}
 i - a potion of lignification {unknown}
 j - a potion of ambrosia {unknown}
Comestibles
 c - 4 rations
 g - 12 chunks of flesh


   Skills:
 + Level 3.7 Fighting
 + Level 3.0 Axes
 + Level 2.7 Armour
 + Level 2.0 Dodging


You had 2 spell levels left.
You didn't know any spells.
Your spell library was empty.

Dungeon Overview and Level Annotations

Branches:
Dungeon (3/15)

Altars:
The Shining One


Innate Abilities, Weirdness & Mutations

You are resistant to torment.
Your stone body is resilient. (AC +3)
You are immune to poison.
You resist negative energy. (rN+)
You are resistant to electric shocks. (rElec)
You can survive without breathing.
You are immune to petrification.
You are immune to rotting.


Message History

You are no longer berserk.
You are exhausted.
You feel yourself slow down.
You start resting.
A hobgoblin comes into view. It is wielding a +2 mace of crushing.
A hobgoblin is nearby!
A hobgoblin is nearby!
A hobgoblin is nearby!
You are too injured to fight recklessly!
The hobgoblin shouts!
The hobgoblin hits you but does no damage.
You barely miss the hobgoblin. The hobgoblin barely misses you.
The hobgoblin closely misses you.
You hit the hobgoblin.
The hobgoblin is heavily wounded.
The hobgoblin closely misses you.
You hit the hobgoblin but do no damage.
The hobgoblin is heavily wounded.
The hobgoblin hits you with a +2 mace of crushing.
You die...

#......##.#.............#
#...............##......#
................#.........
...........................
..........##.........#####
........# .........#
........# ...... ........#
.....# .......@# ...
.......g# ........#
......... .........
.........# ##.......#
........#


You could see a hobgoblin.

Vanquished Creatures
  An adder (D:3)
  An ooze (D:1)
  A worm (D:3)
  A dart slug (D:1)
  5 hobgoblins
  4 jackals (D:3)
  A quokka (D:3)
  2 bats
  2 kobolds (D:1)
  A rat (D:1)
19 creatures vanquished.

Notes
Turn   | Place    | Note
-------+----------+-------------------------------------------
     0 | D:1      | Fang the Gargoyle Berserker began the quest for the Orb.
     0 | D:1      | Reached XP level 1. HP: 14/14 MP: 1/1
   169 | D:1      | Reached XP level 2. HP: 17/19 MP: 2/2
   261 | D:1      | You fall through a shaft!
   261 | D:2      | Found a glowing golden altar of the Shining One.
   284 | D:3      | Reached XP level 3. HP: 15/23 MP: 3/3
   367 | D:3      | HP: 1/36 [worm (8)]
   383 | D:3      | Slain by a hobgoblin

Skill      XL: |  1  2  3 |
---------------+----------+-----
Axes           | 3 |  3.0
Dodging        | 2 |  2.0
Fighting       | |  3.7
Armour         | |  2.7

Action                   || total
-------------------------++-------
Melee: Hand axe          ||    67
Invok: Berserk           ||     1
Armor: Animal skin       ||    24
Dodge: Dodged            ||    50
